 Dungeon Crawl Stone Soup version 0.29-a0-40-g8eb35efe60 (webtiles) character file.

Game seed: 10818175776681866036

2319 freelancePsychic the Destroyer (level 9, -3/53 HPs)
             Began as a Deep Elf Conjurer on Feb 1, 2022.
             Was a Follower of Vehumet.
             Slain by a manticore (11 damage)
             ... on level 6 of the Dungeon.
             The game lasted 00:18:15 (8933 turns).

freelancePsychic the Destroyer (Deep Elf Conjurer)  Turns: 8933, Time: 00:18:15

Health: -3/53      AC:  5    Str:  4    XL:     9   Next: 18%
Magic:  22/22      EV: 13    Int: 28    God:    Vehumet [*.....]
Gold:   214        SH:  0    Dex: 13    Spells: 9/23 levels left

rFire   . . .      SeeInvis +   i - +5 mace "Ventuown" {drain, SInv}
rCold   . . .      Faith    .   (no shield)
rNeg    + . .      Spirit   .   a - +0 robe
rPois   .          Reflect  .   c - +2 helmet
rElec   .          Harm     .   (no cloak)
rCorr   .          Rampage  .   (no gloves)
Will    .....                   (no boots)
Stlth   +.........              (no amulet)
HPRegen 0.17/turn               m - ring of positive energy
MPRegen 0.18/turn               (no ring)

@: confused, ambrosia-drunk, spiked, flying, hasted, very quick
A: no striking features
a: Renounce Religion


You were on level 6 of the Dungeon.
You worshipped Vehumet.
Vehumet was aware of your devotion.
You visited 2 branches of the dungeon, and saw 7 of its levels.

You collected 214 gold pieces.

Inventory:

Hand Weapons
 i - the +5 mace "Ventuown" (weapon) {drain, SInv}
   (You found it on level 3 of the Dungeon)

   A truly terrible weapon, it drains the life of any living foe it strikes.
   SInv:      It lets you see invisible.
Armour
 a - a +0 robe (worn)
 c - a +2 helmet (worn)
Magical Staves
 h - a staff of death
 q - a staff of air
Jewellery
 m - a ring of positive energy (left hand)
 p - a ring of see invisible
Wands
 d - a wand of polymorph (5)
 s - a wand of acid (10)
Scrolls
 e - a scroll of magic mapping
 j - a scroll of amnesia
 n - a scroll of torment
 r - a scroll of identify {@r1}
 t - a scroll of enchant weapon {unknown}
Potions
 b - 2 potions of brilliance
 f - 2 potions of attraction
 g - a potion of haste {@q3}
 k - a potion of flight


   Skills:
 + Level 4.9 Fighting
 - Level 3.8 Dodging
 + Level 4.6 Stealth
 - Level 7.9 Spellcasting
 + Level 8.0 Conjurations
 - Level 5.2 Hexes
 - Level 2.2 Translocations
 - Level 2.4 Earth Magic


You had 9 spell levels left.
You knew the following spells:

 Your Spells              Type           Power      Damage    Failure   Level
a - Magic Dart            Conj           100%       1d8       1%          1
b - Searing Ray           Conj           100%       2d8       1%          2
c - Summon Guardian Gole  Hex/Summ       25%        N/A       4%          3
d - Fulminant Prism       Conj/Hex       24%        3d13      3%          4
e - Iskenderun's Mystic   Conj/Tloc      39%        2d9       6%          4

Your spell library contained the following spells:

 Spells                   Type           Power      Damage    Failure   Level
 Shock                    Conj/Air       100%       1d9       1%          1
 Dazzling Flash           Conj/Hex       96%        N/A       1%          3
 Stone Arrow              Conj/Erth      80%        3d12      1%          3
 Lightning Bolt           Conj/Air       16%        1d30      26%         5
 Animate Armour           Summ/Erth      36%        N/A       30%         4
 Airstrike                Air            5%         N/A       45%         4
 Summon Lightning Spire   Summ/Air       11%        N/A       45%         4
 Orb of Destruction       Conj           27%        9d9       83%         7
 Spellforged Servitor     Conj/Summ      16%        N/A       100%        7
 Lehudib's Crystal Spear  Conj/Erth      20%        10d6      100%        8


Dungeon Overview and Level Annotations

Branches:
Dungeon (6/15)             Temple (1/1) D:4

Altars:
Ashenzari
Cheibriados
Dithmenos
Fedhas
Gozag
Hepliaklqana
Makhleb
Nemelex Xobeh
Okawaru
Qazlal
Ru
Sif Muna
Trog
Uskayaw
Vehumet
Wu Jian
Xom
Yredelemnul
Zin
The Shining One

Annotations:
D:4 exclusions: orc, orc priest and orc wizard
D:5 exclusions: orc and orc priest


Message History

Aiming: Fulminant Prism (dangerous; 3% risk of failure)
Press: ? - help, Dir - move target, p - manticore You conjure a prism of explosive energy!
A fulminant prism comes into view.
You carefully extract the barbed spikes from your body.
The manticore is engulfed in blazing flames.
The manticore flicks its tail.
The volley of spikes hits you!
The barbed spikes become lodged in your body.
It was a potion of flight.
You feel very buoyant.
You fly up into the air.
It was a potion of curing.
You feel better.
The manticore is engulfed in blazing flames.
Your fulminant prism crackles loudly.
It was a potion of ambrosia.
You are confused.
You feel invigorated.
The manticore flicks its tail.
The volley of spikes hits you!
The barbed spikes become lodged in your body.
Your fulminant prism explodes!
The blast of energy engulfs the manticore!
The manticore is severely wounded.
Okay, then.
The barbs in your skin will harm you if you move.
Continue?
Okay, then.
You are too confused!
The manticore bites you! The manticore misses you. The manticore claws you.
The manticore bites you.
The manticore claws you but does no damage.
The manticore claws you!
* * * LOW HITPOINT WARNING * * *
The manticore barely misses you. The manticore claws you!
* * * LOW HITPOINT WARNING * * *
The manticore barely misses you.
The barbs in your skin will harm you if you move.
Continue?
Okay, then.
The manticore bites you!
You die...

#.# .# .. #.# ###.#
... #K###...#+#...
#####.............
........§...........
# ..#######.§......#
####
....†.'§.......#
###...
#######..H.....#
##.....
.......@....#
##......
#############
###....###
#########....### #
#....<......## #
#.###......## # #.#
##...### #.# #####
#.# #.#


You could see a manticore and a kobold.

Vanquished Creatures
  Menkaure (D:5)
  A water moccasin (D:6)
  A hornet zombie (D:6)
  A black bear (D:5)
  A sky beast (D:6)
  An ogre (D:5)
  A necrophage (D:2)
  2 phantoms (D:5)
  A kobold brigand (D:6)
  A wyvern zombie (D:6)
  2 scorpions
  2 water moccasin zombies
  A water moccasin skeleton (D:5)
  5 wights (D:4)
  A bullfrog zombie (D:5)
  2 centaur skeletons
  3 orc priests (D:5)
  A jelly (D:5)
  A hound (D:5)
  An iguana (D:5)
  Natasha (D:2)
  3 orc wizards
  A hound zombie (D:5)
  A hound skeleton (D:4)
  A howler monkey skeleton (D:4)
  9 adders
  A shadow imp (D:5)
  2 white imps (D:6)
  4 worms
  12 orcs
  6 bats
  8 endoplasms
  2 giant cockroaches (D:3)
  A goblin (D:1)
  7 hobgoblins
  4 jackals (D:2)
  4 quokkas
  6 ball pythons
  4 frilled lizards
  18 kobolds
  3 rats
128 creatures vanquished.

Vanquished Creatures (collateral kills)
  An ogre (D:5)
  2 scorpions (D:5)
3 creatures vanquished.

Vanquished Creatures (others)
  A black bear (D:6)
  A gnoll shaman (D:5)
  11 fulminant prisms
  19 plants
32 creatures vanquished.

Grand Total: 163 creatures vanquished

Notes
Turn   | Place    | Note
-------+----------+-------------------------------------------
     0 | D:1      | freelancePsychic the Deep Elf Conjurer began the quest for
                  | the Orb.
     0 | D:1      | Reached XP level 1. HP: 10/10 MP: 6/6
   343 | D:1      | Reached XP level 2. HP: 16/16 MP: 1/8
   486 | D:2      | Learned a level 2 spell: Searing Ray
   644 | D:2      | Reached skill level 1 in Fighting
   750 | D:2      | Reached XP level 3. HP: 20/20 MP: 6/10
  1167 | D:1      | Found a faded altar of an unknown god.
  1686 | D:1      | Reached skill level 1 in Hexes
  1882 | D:2      | Noticed a necrophage
  1912 | D:2      | Killed a necrophage
  1913 | D:2      | Reached skill level 5 in Conjurations
  1913 | D:2      | Reached XP level 4. HP: 26/26 MP: 1/12
  2008 | D:2      | Reached XP level 5. HP: 30/30 MP: 9/13
  2661 | D:3      | Identified the +5 mace "Ventuown" {drain, SInv}
  2811 | D:3      | Learned a level 4 spell: Fulminant Prism
  2816 | D:3      | Learned a level 4 spell: Iskenderun's Mystic Blast
  2870 | D:3      | Noticed Natasha
  3250 | D:2      | Killed Natasha
  3251 | D:2      | Reached skill level 5 in Spellcasting
  3718 | D:4      | Found a staircase to the Ecumenical Temple.
  3728 | Temple   | Entered the Ecumenical Temple
  4076 | Temple   | Became a worshipper of Vehumet
  4111 | D:4      | Reached XP level 6. HP: 31/35 MP: 10/15
  4949 | D:4      | Reached skill level 6 in Conjurations
  4949 | D:4      | Reached XP level 7. HP: 35/40 MP: 11/17
  5525 | D:5      | Entered Level 5 of the Dungeon
  5718 | D:5      | Found an ornate altar of the Wu Jian Council.
  5879 | D:5      | Reached skill level 5 in Hexes
  6251 | D:4      | Learned a level 3 spell: Summon Guardian Golem
  6317 | D:5      | Reached skill level 1 in Translocations
  6317 | D:5      | Reached XP level 8. HP: 46/47 MP: 3/20
  6684 | D:5      | Found an iron altar of Okawaru.
  6725 | D:5      | Reached skill level 7 in Conjurations
  6815 | D:5      | Reached * piety under Vehumet
  6815 | D:5      | Offered knowledge of Shock by Vehumet.
  6898 | D:5      | HP: 2/48 [water moccasin zombie (4)]
  7194 | D:5      | Reached skill level 1 in Earth Magic
  7448 | D:5      | Noticed Menkaure
  7468 | D:5      | Killed Menkaure
  8230 | D:6      | Reached XP level 9. HP: 52/52 MP: 6/22
  8894 | D:6      | Reached skill level 8 in Conjurations
  8912 | D:6      | Noticed a manticore
  8933 | D:6      | Slain by a manticore

Illustrated notes

Levels and vault maps discovered:
D:1:      giann_forest_graveyard, layout_rooms,
          ebering_ecumenical_altar_sacrificial, minmay_misc_feat_alley,
          lexackson_kobold_supper
D:2:      layout_basic, chequers_serial_rivers_micro_b
D:3:      layout_basic, serial_glass, glass_columns_a, glass_columns_a,
          glass_columns_a, glass_columns_a, serial_bayou_pond_b, uniq_natasha
D:4:      layout_basic, minmay_temple_entry_junction_2
D:5:      layout_loops_ring, hangedman_feature_mirror, solitary_fountain,
          grunt_ministairs_12, st_stairs_4, hangedman_decor_growths,
          minmay_hedge_maze, dk_vineyard_3, uniq_menkaure
D:6:      minmay_skewed_foursquare, layout_basic, nicolae_elyvilon_temple_path,
          serial_curves, eino_curves_02, eino_curves_03, eino_curves_01,
          eino_curves_04
Temple:   mainiacjoe_temple_cubbyholes

Skill      XL: |  1  2  3  4  5  6  7  8  9 |
---------------+----------------------------+-----
Fighting       | 1 2 3 4 |  4.9
Hexes          | 2 3 4 5 |  5.2
Spellcasting   | 4 5 6 7 |  7.9
Conjurations   | 5 6 7 8 |  8.0
Stealth        | 3 4 |  4.6
Translocations | 1 2 |  2.2
Earth Magic    | 2 |  2.4
Dodging        | 3 |  3.8

Action                   |  1- 3 |  4- 6 |  7- 9 || total
-------------------------+-------+-------+-------++-------
Melee: Mace              |       |     3 |     2 ||     5
 Cast: Magic Dart        |    22 |       |       ||    22
       Searing Ray       |    30 |    39 |    31 ||   100
       Iskenderun's Myst |       |       |    25 ||    25
       Summon Guardian G |       |       |     6 ||     6
       Fulminant Prism   |       |       |    11 ||    11
  Use: Scroll            |     2 |     5 |     2 ||     9
       Potion            |       |       |     4 ||     4
Armor: Robe              |    12 |     5 |    19 ||    36
Dodge: Dodged            |     7 |    10 |    44 ||    61

Table legend: (Time is in decaauts)
 A = Elapsed time spent in this place.
 B = Non-inter-level travel time spent in this place.
 C = Inter-level travel time spent in this place.
 D = Time resting spent in this place.
 E = Time spent auto-exploring this place.
 F = Levels seen in this place.
 G = Mean time per level.
                   A        B        C        D        E       F      G
               +--------+--------+--------+--------+--------+-----+--------+
         Total |   8955 |   8631 |    324 |   1139 |   6271 |   7 | 1279.3 |
       Dungeon |   8541 |   8310 |    231 |   1107 |   6005 |   6 | 1423.5 |
        Temple |    413 |    320 |     93 |     32 |    266 |   1 |  413.0 |
               +--------+--------+--------+--------+--------+-----+--------+

Top non-repeatable levels by time:
     D:5: 1859 daAuts
     D:4: 1794 daAuts
     D:6: 1395 daAuts
     D:1: 1240 daAuts
     D:3: 1220 daAuts
     D:2: 1031 daAuts
  Temple: 413 daAuts
